Unix NetHack Version 3.7.0-97 Work-in-progress - last build Feb 8 2024 15:05:57 (6d6cdf8371b60126770a3d7b88910941cb14a054,branch:master). Game began 2024-02-18 14:37:17, ended 2024-02-18 15:37:40. nurdglaw, chaotic female human Rogue -------- ------ |)|>.`.---../.| |%|-.0........| |%||.000|.'00.| |^||....|.0@..| |%|------.----| |^| |......| |.------......| |........%..[.| |..-----......| ---- -------- Nurdglaw the Cutpurse St:12 Dx:18 Co:17 In:13 Wi:7 Ch:9 Chaotic S:1419 Dlvl:5 $:45 HP:0(36) Pw:16(16) AC:6 Xp:5/228 T:2964 Burdened Latest messages: Your movements are now unencumbered. In what direction? h You throw 2 daggers. The 1st dagger hits it. The 2nd dagger hits it. In what direction? h You throw 2 daggers. The 1st dagger hits it. The 2nd dagger hits it. In what direction? h The dagger hits it. In what direction? h With great effort you move the boulder. b - an uncursed +0 dagger. b - 4 uncursed +0 daggers (5 in total). b - an uncursed +0 dagger (6 in total). The rope golem hits! The rope golem hits again! You have no ammunition readied. What do you want to fire? [- $abyBCY or ?*] b You ready: b - 6 uncursed +0 daggers. In what direction? b You throw 2 daggers. The 1st dagger hits the rope golem. The 2nd dagger hits the rope golem. The rope golem hits! The rope golem hits again! What do you want to write with? [- abmyzBCGOS-UY or ?*] - You write in the dust with your fingertip. What do you want to write in the dust here? Elbereth Something is written here in the dust. You read: "Elbereth". You see no objects here. The rope golem turns to flee. You have a little trouble lifting 3 uncursed +0 daggers. Continue? [ynq] (q) y You have a little trouble lifting b - 3 uncursed +0 daggers (at the ready) (7 in total). Your movements are slowed slightly because of your load. Something is written here in the dust. You read: "E?b retn". With great effort you move the boulder. The rope golem hits! The rope golem hits again! The rope golem hits! The rope golem hits again! You die... Do you want your possessions identified? [ynq] (y) y Do you want to see your attributes? [ynq] (y) y Do you want an account of creatures vanquished? [ynaq] (y) y Do you want to see your conduct and achievements? [ynq] (y) y Do you want to see the dungeon overview? [ynq] (y) y Inventory: Coins $ - 45 gold pieces Amulets H - an uncursed amulet of reflection Weapons T - 11 uncursed +0 crossbow bolts Y - an uncursed +0 boomerang y - 9 uncursed +0 shuriken b - 7 uncursed +0 daggers (at the ready) C - a blessed +1 elven dagger named prayed on turn 1264 B - 2 uncursed +0 orcish daggers (wielded) a - an uncursed +0 short sword named tlpthy (alternate weapon; not wielded) Armor j - an uncursed +0 orcish helm (being worn) E - an uncursed +0 cloak of protection W - an uncursed +0 mummy wrapping c - an uncursed +1 leather armor (being worn) Comestibles d - an uncursed banana n - 2 uncursed carrots F - 2 uncursed food rations l - an uncursed orange Scrolls I - a blessed scroll of confuse monster R - an uncursed scroll of confuse monster V - an uncursed scroll of destroy armor f - 2 uncursed scrolls of earth Z - an uncursed scroll of enchant weapon e - an uncursed scroll of fire Q - an uncursed scroll of gold detection Potions J - a cursed potion of extra healing P - an uncursed potion of hallucination N - a cursed potion of hallucination X - a cursed potion of monster detection M - an uncursed potion of water Rings S - an uncursed -2 ring of adornment m - an uncursed ring of polymorph control named donned on turn 197 Wands U - an uncursed wand of digging (0:8) z - an uncursed wand of speed monster (0:7) Tools h - an uncursed sack containing 9 items k - an uncursed lock pick Gems/Stones O - an uncursed worthless piece of green glass G - an uncursed worthless piece of violet glass Contents of the sack: 212 gold pieces an uncursed scroll of enchant weapon named not cursed a cursed scroll of magic mapping named prolly cursed an uncursed scroll of teleportation named not cursed an uncursed spellbook of healing named not cursed a cursed potion of hallucination named prolly cursed 3 uncursed potions of healing named not cursed an uncursed potion of sickness a potion of holy water named holy water Nurdglaw the Rogue's attributes: Background: You were a Cutpurse, a level 5 female human Rogue. You were chaotic, on a mission for Kos who was opposed by Issek (lawful) and Mog (neutral). You were right-handed. You were in Sokoban, on level 5. You entered the dungeon 2964 turns ago. You had 228 experience points, 92 more were needed to attain level 6. Your score was 1419 before end-of-game adjustments. Basics: You had 0 out of 36 hit points. You had all 16 energy points (spell power). Your armor class was 6. Your wallet contained 45 zorkmids, and you had 212 more stashed away in your pack. Autopickup was on for '$' plus thrown. Final Characteristics: Your strength was 12 (limit:18/100). Your dexterity was 18 (limit:18). Your constitution was 17 (limit:18). Your intelligence was 13 (limit:18). Your wisdom was 7 (limit:18). Your charisma was 9 (limit:18). Final Status: You weren't hungry. You were burdened; movement was slightly slowed. You were wielding daggers. You were skilled in dagger. Final Attributes: You were piously aligned. You were telepathic. You were stealthy. You were warded. You are dead. Miscellaneous: You never encountered a bones level. Total elapsed playing time was 1 hour and 21 seconds. Major events: Turn 1: nurdglaw the chaotic female human Rogue entered the dungeon 985: attained the rank of Cutpurse (level 3) 1380: entered the Gnomish Mines 2755: entered Sokoban 2964: killed by a rope golem Vanquished creatures: a gnome mummy 2 ponies a shrieker a giant ant a little dog 2 floating eyes a rabid rat a giant bat an orc zombie 2 iguanas an acid blob 2 hobbits a cave spider 2 brown molds 3 yellow molds a gnome zombie a gecko 9 jackals 3 goblins a sewer rat 4 grid bugs 8 lichens 2 kobold zombies 5 newts 56 creatures vanquished. No species were genocided or became extinct. Voluntary challenges: You read items or engraved 12 times. You engraved Elbereth 9 times. You never genocided any monsters. You never polymorphed an object. You never changed form. You used no wishes. You did not violate any of the special Sokoban rules. Achievements: You entered a shop. You attained the rank of Cutpurse. You entered the Gnomish Mines. You entered Sokoban. The Dungeons of Doom: levels 1 to 6 Level 1: "vault" Some fountains. Level 2: Level 3: "water-(near)surrounded vault" Stairs down to The Gnomish Mines. Level 4: "vault 2051" A fountain. Level 5: Many fountains. Oracle of Delphi. Level 6: Stairs up to Sokoban, level 5. The Gnomish Mines: Level 4: Sokoban: Level 5: <- You were here. Unsolved. Final resting place for you, killed by a rope golem. Game over: ---------- / \ / REST \ / IN \ / PEACE \ / \ | nurdglaw | | 257 Au | | killed by a rope | | golem | | | | | | 2024 | *| * * * | * _________)/\\_//(\/(/\)/\//\/|_)_______ Goodbye nurdglaw the Rogue... You died in Sokoban on dungeon level 5 with 1394 points, and 257 pieces of gold, after 2964 moves. You were level 5 with a maximum of 36 hit points when you died.